 Dungeon Crawl Stone Soup version 0.29-a0-275-g389c0b56f3 (webtiles) character file.

Game seed: 2936053045055461251

680 Leibowitz the Cutter (level 7, -1/41 HPs)
             Began as a Kobold Gladiator on Aug 23, 2021.
             Was an Initiate of Ashenzari.
             Frozen to death by an endoplasm (2 damage)
             ... on level 4 of the Dungeon on Mar 10, 2022.
             The game lasted 00:10:10 (5305 turns).

Leibowitz the Cutter (Kobold Gladiator)             Turns: 5305, Time: 00:10:10

Health: -1/41      AC:  5    Str: 11    XL:     7   Next: 92%
Magic:  7/7        EV: 15    Int: 14    God:    Ashenzari [......]
Gold:   253        SH:  5    Dex: 13    Spells: 6/6 levels left

rFire   . . .      SeeInvis .   o - +2 dagger (drain)
rCold   . . .      Faith    .   (no shield)
rNeg    . . .      Spirit   .   t - +1 leather armour of Instinct {Rampage Int+4 Dex-4}
rPois   .          Reflect  +   c - +0 helmet
rElec   .          Harm     .   (no cloak)
rCorr   .          Rampage  +   (no gloves)
Will    .....                   (no boots)
Stlth   ++++......              g - amulet of reflection
HPRegen 0.13/turn               i - +4 ring of slaying
MPRegen 0.10/turn               (no ring)

@: no status effects
A: small, no large weapons, nightstalker 3
a: Renounce Religion, Curse Item


You were on level 4 of the Dungeon.
You worshipped Ashenzari.
Ashenzari was noncommittal.
You visited 1 branch of the dungeon, and saw 4 of its levels.

You collected 253 gold pieces.

Inventory:

Hand Weapons
 a - a +0 rapier
 o - a +2 dagger of draining (weapon)
 p - a +1 hand axe of flaming
Missiles
 n - a throwing net (quivered)
Armour
 c - a +0 helmet (worn)
 t - the +1 leather armour of Instinct (worn) {Rampage Int+4 Dex-4}
   (You found it on level 4 of the Dungeon)

   Int:       It affects your intelligence (+4).
   Dex:       It affects your dexterity (-4).
   Rampage:   It bestows one free step when moving towards enemies.
Jewellery
 g - an amulet of reflection (around neck)
 i - a +4 ring of slaying (left hand)
 m - a +4 ring of evasion
 s - a ring of ice
Scrolls
 d - a scroll of teleportation {unknown}
 e - 2 scrolls of blinking {unknown}
 h - 4 scrolls of identify {unknown}
 k - a scroll of noise {unknown}
Potions
 f - a potion of mutation {unknown}
 j - a potion of flight {unknown}
 l - a potion of lignification {unknown}
 q - 3 potions of haste {unknown}
 r - a potion of cancellation {unknown}


   Skills:
 * Level 3.3 Fighting
 * Level 7.1 Short Blades
 - Level 2.1 Throwing
 * Level 2.8 Armour
 * Level 5.1 Dodging
 * Level 5.1 Stealth
 + Level 0.5 Shields


You had 6 spell levels left.
You didn't know any spells.
Your spell library contained the following spells:

 Spells                   Type           Power      Damage    Failure   Level
 Apportation              Tloc           0%         N/A       36%         1
 Beastly Appendage        Tmut           0%         N/A       36%         1
 Wereblood                Tmut           0%         N/A       50%         2
 Spider Form              Tmut/Pois      0%         N/A       73%         3
 Tukima's Dance           Hex            0%         N/A       73%         3
 Passage of Golubria      Tloc           0%         N/A       98%         4
 Alistair's Intoxication  Tmut/Pois      0%         N/A       100%        5
 Yara's Violent Unravell  Hex/Tmut       0%         3d3       100%        5


Dungeon Overview and Level Annotations

Branches:
Dungeon (4/15)
 Temple: D:4-7

Altars:
Ashenzari
Gozag
Kikubaaqudgha
Qazlal


Innate Abilities, Weirdness & Mutations

You are small and have problems with some larger weapons.
You are completely attuned to the shadows.


Message History

You hit the gnoll. You drain the gnoll.
The gnoll is almost dead.
The gnoll misses you.
You hit the gnoll. You drain the gnoll.
You kill the gnoll!
The gnoll barely misses you.
The gnoll sergeant hits you from afar with a +0 spear.
You block the gnoll's attack.
An endoplasm comes into view.
The gnoll misses you.
The gnoll sergeant hits you from afar with a +0 spear!
You block the gnoll's attack.
You see here a +0 halberd of protection.
The endoplasm quivers.
You hit the gnoll. You drain the gnoll.
The gnoll is almost dead.
You hit the gnoll.
You kill the gnoll!
The gnoll sergeant hits you from afar with a +0 spear!
You block the gnoll's attack.
A gnoll comes into view. It is wielding a +0 spear.
The gnoll shouts!
The gnoll barely misses you.
You see here a +0 club.
You hit the gnoll.
The gnoll is moderately wounded.
The endoplasm closely misses you. The gnoll sergeant misses you.
The gnoll hits you with a +0 flail!
* * * LOW HITPOINT WARNING * * *
You hit the gnoll but do no damage. You drain the gnoll.
The gnoll is heavily wounded.
You puncture the gnoll! You drain the gnoll.
You kill the gnoll!
The gnoll hits you from afar with a +0 spear.
* * * LOW HITPOINT WARNING * * *
The gnoll sergeant hits you with a +0 spear.
* * * LOW HITPOINT WARNING * * *
The endoplasm freezes you.
You are frozen.
You die...

### #..# ##...##
##.###..# ##....#
#...##..###....##
###.............##
#..............##
#.........###..##
##.........###..##
#.)........##..>##
#)@g.......###...#
#.J........#
##..##
#...g......# ##..#
#..........# ##..
##.........# ##.
#.........# ##.
.##.......# #..
##......# ##..
#...


You could see a gnoll sergeant, a gnoll and an endoplasm.

Vanquished Creatures
  A hornet (D:4)
  A black bear (D:4)
  A hound (D:4)
  Natasha (thrice) (D:2)
  Terence (D:3)
  An iguana (D:4)
  An orc wizard (D:4)
  Robin (D:3)
  6 adders
  4 gnolls
  A worm (D:2)
  2 dart slugs
  10 orcs
  7 bats
  6 endoplasms
  4 giant cockroaches
  19 goblins
  4 hobgoblins
  6 jackals (D:1)
  2 quokkas
  3 ball pythons (D:2)
  7 frilled lizards
  4 kobolds
  9 rats
104 creatures vanquished.

Vanquished Creatures (others)
  2 plants (D:1)
2 creatures vanquished.

Grand Total: 106 creatures vanquished

Notes
Turn   | Place    | Note
-------+----------+-------------------------------------------
     0 | D:1      | Leibowitz the Kobold Gladiator began the quest for the Orb.
     0 | D:1      | Reached XP level 1. HP: 12/12 MP: 1/1
   304 | D:1      | Reached XP level 2. HP: 4/18 MP: 2/2
   565 | D:1      | Reached XP level 3. HP: 16/22 MP: 3/3
   643 | D:1      | Reached skill level 1 in Stealth
   923 | D:1      | Reached skill level 5 in Short Blades
   953 | D:1      | Found a faded altar of an unknown god.
   955 | D:1      | Upgraded the game from 0.28-a0-239-g68911e0c57 to
                  | 0.29-a0-275-g389c0b56f3
   957 | D:1      | Prayed at the altar of an unknown god.
   957 | D:1      | Became a worshipper of Ashenzari the Shackled
  1280 | D:2      | Reached XP level 4. HP: 14/27 MP: 4/4
  2179 | D:2      | Reached skill level 1 in Armour
  2773 | D:2      | Noticed Natasha
  2776 | D:2      | Killed Natasha
  2777 | D:2      | Reached XP level 5. HP: 31/31 MP: 5/5
  2907 | D:2      | Noticed Natasha
  2923 | D:2      | Killed Natasha
  2926 | D:2      | Noticed Natasha
  2935 | D:2      | Killed Natasha
  3372 | D:3      | Found an ancient bone altar of Kikubaaqudgha.
  3559 | D:3      | Noticed Robin
  3568 | D:3      | Killed Robin
  3569 | D:3      | Reached XP level 6. HP: 35/36 MP: 6/6
  3756 | D:3      | Noticed Terence
  3766 | D:3      | Killed Terence
  4089 | D:3      | Reached skill level 6 in Short Blades
  4774 | D:4      | Noticed a black bear
  4783 | D:4      | Killed a black bear
  4920 | D:4      | Reached XP level 7. HP: 40/40 MP: 7/7
  4961 | D:4      | Found a stormy altar of Qazlal.
  5073 | D:4      | Identified the +1 leather armour of Instinct {Rampage Int+4
                  | Dex-4}
  5095 | D:4      | Found an opulent altar of Gozag.
  5156 | D:4      | Noticed a hornet
  5169 | D:4      | Killed a hornet
  5170 | D:4      | Reached skill level 7 in Short Blades
  5170 | D:4      | Reached skill level 5 in Dodging
  5170 | D:4      | Reached skill level 5 in Stealth
  5305 | D:4      | HP: 1/41 [gnoll sergeant/+0 spear (5)]
  5305 | D:4      | Frozen to death by an endoplasm

Illustrated notes

Levels and vault maps discovered:
D:1:      dpeg_arrival_round_b, layout_rooms,
          shapermc_ecumenical_altar_acropolis, hangedman_decor_slide_cut
D:2:      layout_basic, minmay_pentomino_w4, uniq_natasha
D:3:      layout_basic, marbit_many_paths, st_stairs_3, uniq_terence, uniq_robin
D:4:      layout_cave_pods, nicolae_overflow_quartered_altars, uniq_ijyb

Skill      XL: |  1  2  3  4  5  6  7 |
---------------+----------------------+-----
Dodging        | 4 5 |  5.1
Stealth        | 1 2 4 5 |  5.1
Short Blades   | 5 6 7 |  7.1
Armour         | 1 2 |  2.8
Fighting       | 3 |  3.3
Throwing       | |  2.1
Shields        | |  0.5

Action                   |  1- 3 |  4- 6 |  7- 9 || total
-------------------------+-------+-------+-------++-------
Melee: Rapier            |    95 |    82 |       ||   177
       Dagger            |       |    60 |    42 ||   102
       Punch             |       |     2 |       ||     2
Throw: Throwing net      |     2 |     1 |       ||     3
  Use: Potion            |     1 |       |       ||     1
 Stab: Sleeping          |     7 |    13 |     1 ||    21
       Held in net/web   |     1 |     1 |       ||     2
Armor: Leather armour    |    13 |    17 |     3 ||    33
Dodge: Dodged            |    61 |    79 |    22 ||   162
Block: Other             |     2 |    24 |     6 ||    32

Table legend: (Time is in decaauts)
 A = Elapsed time spent in this place.
 B = Non-inter-level travel time spent in this place.
 C = Inter-level travel time spent in this place.
 D = Time resting spent in this place.
 E = Time spent auto-exploring this place.
 F = Levels seen in this place.
 G = Mean time per level.
                   A        B        C        D        E       F      G
               +--------+--------+--------+--------+--------+-----+--------+
         Total |   5290 |   5132 |    158 |   1523 |   2863 |   4 | 1322.5 |
       Dungeon |   5290 |   5132 |    158 |   1523 |   2863 |   4 | 1322.5 |
               +--------+--------+--------+--------+--------+-----+--------+

Top non-repeatable levels by time:
     D:2: 1876 daAuts
     D:3: 1581 daAuts
     D:1: 1240 daAuts
     D:4: 593 daAuts
